 Dungeon Crawl Stone Soup version 0.19-a0-172-g3b1235c (webtiles) character file.

292 Kidiri the Skirmisher (level 6, 0/56 HPs)
             Began as a Hill Orc Fighter on May 23, 2016.
             Was an Initiate of Beogh.
             Killed from afar by Dowan (10 damage)
             ... with a stone arrow
             ... on level 4 of the Dungeon.
             The game lasted 00:09:28 (3385 turns).

Kidiri the Skirmisher (Hill Orc Fighter)            Turns: 3385, Time: 00:09:28

Health: 0/56       AC:  7    Str: 26    XL:     6   Next: 33%
Magic:  6/6        EV:  8    Int:  8    God:    Beogh [......]
Gold:   205        SH: 11    Dex: 10    Spells: 0 memorised, 5 levels left

rFire  + . .     SeeInvis .     a - +0 long sword
rCold  . . .     Gourm    .     b - +0 scale mail
rNeg   . . .     Faith    .     c - +1 shield
rPois  .         Spirit   .     (no helmet)
rElec  .         Dismiss  .     (no cloak)
rCorr  .         Reflect  .     (no gloves)
SustAt .         Harm     .     (no boots)
MR     .....                    (no amulet)
Stlth  ..........               (no ring)
                                l - ring of protection from fire

@: mighty, very slightly contaminated, hasted, very quick, not resistant to
hostile enchantments, extremely unstealthy
A: no striking features
a: Renounce Religion


You were on level 4 of the Dungeon.
You worshipped Beogh.
Beogh was noncommittal.
You were not hungry.

You visited 2 branches of the dungeon, and saw 5 of its levels.

You collected 205 gold pieces.

Inventory:

Hand Weapons
 a - a +0 long sword (weapon)
Missiles
 r - 5 tomahawks (quivered)
Armour
 b - a +0 scale mail (worn)
 c - a +1 shield (worn)
Jewellery
 l - a ring of protection from fire (left hand)
 p - an uncursed ring of teleportation
Scrolls
 e - a scroll of amnesia
 h - a scroll of fear
 j - 2 scrolls of noise
 k - a scroll of recharging
 q - a scroll of enchant weapon {unknown}
 s - a scroll of blinking {unknown}
 u - 2 scrolls of magic mapping
 x - a scroll of teleportation {unknown}
Potions
 d - a potion of might
 i - a potion of haste
 m - a potion of flight
 o - a potion of lignification
 v - a potion of brilliance
Comestibles
 f - 3 bread rations
 g - 5 meat rations
 n - 2 slices of pizza
 t - 5 fruits
 w - a chunk of flesh


   Skills:
 * Level 5.0 Fighting
 * Level 3.7 Long Blades
 + Level 1.1 Throwing
 * Level 4.4 Armour
 + Level 1.2 Dodging
 * Level 4.4 Shields


You had 5 spell levels left.
You didn't know any spells.

Dungeon Overview and Level Annotations

Branches:
Dungeon (4/15)             Temple (1/1) D:4

Altars:
Ashenzari
Cheibriados
Dithmenos
Kikubaaqudgha
Makhleb
Ru
Sif Muna
Trog
Xom

Annotations:
D:4 Dowan


Message History

You have reached level 6!
Your experience leads to an increase in your attributes!
Your base attributes are Str 20, Int 8, Dex 10.
Increase (S)trength, (I)ntelligence, or (D)exterity?
You feel stronger.
Unknown command.
Dowan seems to find hidden reserves of power!
Things that are here:
a short sword; a potion of degeneration Drink which item? (? for menu, Esc to quit)
Okay, then.
Unknown command.
You aren't carrying any items that you can evoke.
Unknown command.
Unknown command.
Unknown command.
Unknown command.
Dowan casts a spell at you. The stone arrow hits you!
You die...

#..# #.#..............#
##.###.#...#####.._...#
#..##.#............#.#
##.##.######.###.###.#
#.##.######.# #.# #.#
###..#........# #.# #.#
8.##.#.######## #.# #a#
...#...# #####.# #)#
>.8##..# #...@.###.#
......># #.###..e).#
8.#.#### #.##### ....#
#.# ##### ..# ####


You could see Dowan.

Vanquished Creatures
  Duvessa (D:4)
  Natasha (thrice) (D:3)
  6 adders
  2 oozes
  2 worms (D:2)
  2 giant geckos
  6 goblins
  5 hobgoblins
  2 quokkas
  8 bats
  2 giant newts
  8 kobolds
  8 rats
  A fungus (D:3)
56 creatures vanquished.

Vanquished Creatures (others)
  A giant cockroach (D:3)
1 creature vanquished.

Grand Total: 57 creatures vanquished

Notes
Turn   | Place    | Note
--------------------------------------------------------------
     0 | D:1      | Kidiri the Hill Orc Fighter began the quest for the Orb.
     0 | D:1      | Reached XP level 1. HP: 19/19 MP: 1/1
   552 | D:1      | Reached XP level 2. HP: 27/27 MP: 2/2
   706 | D:1      | Reached skill level 4 in Fighting
   930 | D:2      | Reached XP level 3. HP: 33/33 MP: 3/3
   987 | D:2      | Found a shadowy altar of Dithmenos.
  1457 | D:2      | Reached XP level 4. HP: 37/40 MP: 4/4
  1800 | D:3      | Found a sacrificial altar of Ru.
  1862 | D:3      | Found a shattered altar of Ashenzari.
  1866 | D:3      | Became a worshipper of Beogh the Brigand
  2189 | D:3      | Noticed Natasha
  2198 | D:3      | Killed Natasha
  2198 | D:3      | Reached skill level 1 in Dodging
  2198 | D:3      | Reached XP level 5. HP: 27/47 MP: 5/5
  2433 | D:3      | Noticed Natasha
  2439 | D:3      | Killed Natasha
  2439 | D:3      | Reached skill level 1 in Throwing
  2515 | D:3      | Noticed Natasha
  2529 | D:3      | Killed Natasha
  3214 | D:4      | Found a staircase to the Ecumenical Temple.
  3222 | Temple   | Entered the Ecumenical Temple
  3331 | D:4      | Found a snail-covered altar of Cheibriados.
  3350 | D:4      | Noticed Duvessa
  3351 | D:4      | Noticed Dowan
  3380 | D:4      | Killed Duvessa
  3380 | D:4      | Reached skill level 5 in Fighting
  3380 | D:4      | Reached XP level 6. HP: 10/56 MP: 6/6
  3385 | D:4      | Killed from afar by Dowan

Vault maps used:
D:1:      grunt_arrival_crossed_arrows, kennysheep_pointless_box
D:2:      overflow_temple_1_default
D:3:      nicolae_ru_the_path_less_chosen, ashenzari_conservatory_becter,
          first_bread, hex_medium, uniq_natasha
D:4:      nicolae_tso_besieged_by_evil, cheibriados_altar_1,
          minmay_temple_entry_statues_pillars, uniq_duvessa
Temple:   nicolae_temple_hex_pool_5

Skill      XL: |  1  2  3  4  5 |
---------------+----------------+-----
Fighting       | 4 5 |  5.0
Shields        | 4 |  4.4
Long Blades    | 3 |  3.7
Dodging        | 1 |  1.2
Throwing       | 1 |  1.1
Armour         | 4 |  4.4

Action                   |  1- 3 |  4- 6 || total
-------------------------+-------+-------++-------
Melee: Long sword        |   106 |   114 ||   220
Invok: Convert to Beogh  |       |     1 ||     1
  Use: Scroll            |     5 |     9 ||    14
       Potion            |       |     3 ||     3
  Eat: Chunk             |     2 |     6 ||     8
Armor: Scale mail        |    37 |    50 ||    87
Dodge: Dodged            |    35 |    35 ||    70
Block: Shield            |    61 |    55 ||   116
